 Dungeon Crawl Stone Soup version 0.31-a0-538-gbc85326fa9 (webtiles) character file.

Game seed: 9854921643496362634

5686 pokeman the Thaumaturge (level 10, -4/56 HPs)
             Began as a Deep Elf Hedge Wizard on Aug 13, 2023.
             Was a Believer of Vehumet.
             Slain by a great orb of eyes (10 damage)
             ... on level 1 of the Abyss.
             The game lasted 00:27:48 (9287 turns).

pokeman the Thaumaturge (Deep Elf Hedge Wizard)     Turns: 9287, Time: 00:27:49

Health: -4/56      AC:  8    Str:  7    XL:     10   Next: 47%
Magic:  20/29      EV: 18    Int: 24    God:    Vehumet [**....]
Gold:   474        SH:  0    Dex: 14    Spells: 19/35 levels left

rFire   . . .        l - +5 woodcutter's axe
rCold   . . .        (shield currently unavailable)
rNeg    . . .        t - +1 robe "Jing" {Slay+2}
rPois   .            S - +0 helmet
rElec   .            q - +0 cloak
rCorr   .            f - +0 pair of gloves
SInv    .            b - +0 pair of boots
Will    +....        J - amulet of regeneration
Stlth   ++           L - ring of wizardry
HPRegen 1.09/turn    j - +5 ring of evasion
MPRegen 0.21/turn

%: wizardry (x1)
@: invisible, unable to read
A: inability to read after injury 1
a: Renounce Religion


You were on level 1 of the Abyss.
You worshipped Vehumet.
Vehumet was pleased with you.
You visited 2 branches of the dungeon, and saw 11 of its levels.
You visited the Abyss 1 time.

You collected 474 gold pieces.

Inventory:

Hand Weapons
 l - the +5 woodcutter's axe (weapon)
   (You found it on level 2 of the Dungeon)
 p - a +3 quarterstaff of chaos
 v - a +1 scythe of venom
Missiles
 o - a throwing net
Armour
 b - a +0 pair of boots (worn)
 c - a +2 ring mail of cold resistance
 f - a +0 pair of gloves (worn)
 q - a +0 cloak (worn)
 t - the +1 robe "Jing" (worn) {Slay+2}
   (You found it on level 3 of the Dungeon)

   Slay+2:    It affects your accuracy & damage with ranged weapons and melee
   (+2).
 S - a +0 helmet (worn)
Magical Staves
 M - a staff of air
 N - a staff of fire
Jewellery
 i - a +6 ring of dexterity
 j - a +5 ring of evasion (right hand)
 A - a ring of flight
 I - a +6 ring of intelligence
 J - an amulet of regeneration (around neck)
 L - a ring of wizardry (left hand)
 O - a +6 ring of dexterity
Wands
 k - a wand of mindburst (11)
 K - a wand of roots (13)
 Q - a wand of paralysis (10)
 T - a wand of flame (3)
Scrolls
 a - a scroll of brand weapon {unknown}
 e - 7 scrolls of identify
 m - 2 scrolls of fear {unknown}
 s - a scroll of silence {unknown}
 u - 2 scrolls of enchant weapon {unknown}
 w - a scroll of poison {unknown}
 x - 3 scrolls of teleportation
 y - a scroll of fog {unknown}
 D - 2 scrolls of blinking {unknown}
 F - a scroll of amnesia {unknown}
 H - a scroll of torment {unknown}
 P - a scroll of noise {unknown}
 R - a scroll of enchant armour {unknown}
Potions
 d - a potion of magic
 g - a potion of cancellation
 n - a potion of degeneration {unknown}
 r - a potion of heal wounds {unknown}
 z - a potion of curing {unknown}
 B - a potion of attraction {unknown}
 C - 2 potions of haste {unknown}
 E - 2 potions of enlightenment {unknown}
 G - a potion of lignification {unknown}


   Skills:
 + Level 3.3 Fighting
 - Level 4.0 Armour
 - Level 3.0 Dodging
 - Level 3.0 Stealth
 * Level 13.2 Spellcasting
 + Level 8.3 Conjurations
 - Level 1.0 Hexes
 - Level 1.1 Summonings
 - Level 1.1 Translocations
 - Level 1.2 Transmutations
 + Level 6.8 Fire Magic
 - Level 1.0 Ice Magic
 - Level 1.0 Air Magic
 - Level 1.1 Poison Magic
 - Level 1.1 Evocations


You had 19 spell levels left.
You knew the following spells:

 Your Spells              Type           Power      Damage    Failure   Level
a - Magic Dart            Conj           100%       1d8       1%          1
b - Mephitic Cloud        Conj/Pois/Air  32%        N/A       1%          3
c - Call Imp              Summ           42%        N/A       1%          2
d - Blink                 Tloc           42%        N/A       1%          2
e - Ignite Poison         Fire/Tmut/Pois 30%        N/A       1%          3
f - Swiftness             Air            20%        N/A       3%          3
g - Ensorcelled Hibernat  Hex/Ice        40%        N/A       1%          2

Your spell library contained the following spells:

 Spells                   Type           Power      Damage    Failure   Level
 Searing Ray              Conj           100%       2d8       1%          2
 Slow                     Hex            80%        N/A       1%          1
 Cigotuvi's Dreadful Rot  Necr/Pois/Air  38%        N/A       1%          2
 Lesser Beckoning         Tloc           42%        N/A       1%          2
 Momentum Strike          Conj/Tloc      76%        3d10      1%          2
 Passwall                 Tmut/Erth      15%        N/A       1%          2
 Wereblood                Tmut           21%        N/A       1%          2
 Sticky Flame             Conj/Fire      51%        2d7       1%          4
 Sublimation of Blood     Necr           15%        N/A       2%          2
 Animate Dead             Necr           15%        N/A       16%         4
 Borgnjor's Vile Clutch   Necr/Erth      7%         N/A       38%         5
 Death Channel            Necr           7%         N/A       90%         6
 Ignition                 Fire           24%        3d8       99%         8
 Summon Hydra             Summ           10%        N/A       100%        7


Dungeon Overview and Level Annotations

Branches:
Dungeon (10/15)            Temple (1/1) D:5
   Lair: D:8-11         Orc: D:9-12

Altars:
Ashenzari
Cheibriados
Dithmenos
Elyvilon
Fedhas
Gozag
Hepliaklqana
Kikubaaqudgha
Makhleb
Nemelex Xobeh
Okawaru
Qazlal
Ru
Sif Muna
Trog
Uskayaw
Vehumet
Wu Jian
Xom
Yredelemnul
Zin
The Shining One

Annotations:
D:8 Psyche


Innate Abilities, Weirdness & Mutations

You occasionally lose the ability to read scrolls when taking damage.


Message History

The great orb of eyes is lightly wounded.
The great orb of eyes is engulfed in blazing flames.
The great orb of eyes barely misses you.
The great orb of eyes is engulfed in blazing flames.
Unknown command.
Unknown command.
You slash the great orb of eyes!
The great orb of eyes is moderately wounded.
You hit the great orb of eyes but do no damage.
The great orb of eyes is engulfed in blazing flames.
The great orb of eyes bites you!
You feel threatened and lose the ability to read scrolls!
* * * LOW HITPOINT WARNING * * *
The great orb of eyes is engulfed in blazing flames.
The great orb of eyes bites you but does no damage.
Unknown command.
Unknown command.
You barely miss the great orb of eyes.
The great orb of eyes is moderately wounded.
You hit the great orb of eyes but do no damage.
The great orb of eyes is engulfed in blazing flames.
The great orb of eyes bites you.
* * * LOW HITPOINT WARNING * * *
The great orb of eyes is engulfed in blazing flames.
The great orb of eyes misses you.
Unknown command.
Unknown command.
It was a potion of cancellation.
You feel magically purged.
The great orb of eyes is engulfed in blazing flames.
The great orb of eyes bites you.
* * * LOW HITPOINT WARNING * * *
The great orb of eyes is engulfed in blazing flames.
The great orb of eyes barely misses you.
It was a potion of invisibility.
You fade into invisibility!
The great orb of eyes gazes at you.
You feel your power leaking away.
The great orb of eyes is engulfed in blazing flames.
The great orb of eyes bites you!
You die...

#..# ### . # .. .
# #.#. ....
.G##3.##. . #...
...# ... ## ..#.
.# ...#
#####.##.#
#.##..##°#.#.#.##
#....@G...#.#
###..#G.°#.##
#.#.#....# . #.
...#......# #
#..#.....#. .
##..##..#.#... #.
...... .# #.
.##....#..


You could see 2 great orbs of eyes.

Vanquished Creatures
  Pikel (D:7)
  A kobold demonologist (D:10)
  A hornet (D:7)
  Prince Ribbit (D:7)
  A slime creature (D:7)
  Sigmund (D:4)
  A shadow (D:10)
  3 wyverns (D:10)
  A black mamba skeleton (Abyss:1)
  A chaos spawn (Abyss:1)
  The ghost of redkitty the Chiller, an amateur DrIE of Sif Muna (D:4)
  Menkaure (D:4)
  A water moccasin (D:7)
  2 small abominations (Abyss:1)
  An orc warrior (D:7)
  An ice beast (D:7)
  3 black bears
  A sky beast (D:7)
  2 ogres (D:5)
  5 centaurs
  A kobold brigand (D:7)
  3 bullfrogs
  2 scorpions
  3 killer bees (D:8)
  Crazy Yiuf (D:2)
  3 hounds
  2 jellies
  4 orc priests
  4 sleepcaps
  6 iguanas
  10 orc wizards
  13 gnolls
  8 adders
  3 white imps
  2 ufetubi
  A worm (D:4)
  3 dart slugs
  29 orcs
  4 ball pythons
  9 endoplasms
  6 giant cockroaches
  6 goblins
  4 hobgoblins
  4 jackals
  4 quokkas
  3 frilled lizards
  16 kobolds
  4 rats
188 creatures vanquished.

Notes
Turn   | Place    | Note
-------+----------+-------------------------------------------
     0 | D:1      | pokeman the Deep Elf Hedge Wizard began the quest for the
                  | Orb.
     0 | D:1      | Reached XP level 1. HP: 10/10 MP: 7/7
   256 | D:1      | Reached XP level 2. HP: 16/16 MP: 0/9
  1386 | D:2      | Reached skill level 5 in Spellcasting
  1447 | D:2      | Reached XP level 3. HP: 20/20 MP: 5/11
  1451 | D:2      | Learned a level 3 spell: Mephitic Cloud
  1454 | D:2      | Learned a level 2 spell: Blink
  1457 | D:2      | Learned a level 2 spell: Call Imp
  1500 | D:2      | Reached skill level 1 in Fighting
  1717 | D:2      | Found the +5 woodcutter's axe
  1901 | D:2      | Reached skill level 1 in Armour
  2229 | D:2      | Reached XP level 4. HP: 20/25 MP: 3/13
  2360 | D:2      | Found a runed translucent door.
  2361 | D:2      | Noticed Crazy Yiuf
  2380 | D:2      | Killed Crazy Yiuf
  2576 | D:3      | Reached skill level 6 in Spellcasting
  2698 | D:3      | Reached XP level 5. HP: 29/29 MP: 11/15
  3203 | D:3      | Identified the +1 robe "Jing" {Slay+2}
  3448 | D:4      | Reached skill level 1 in Air Magic
  3448 | D:4      | Reached skill level 1 in Poison Magic
  3448 | D:4      | Reached skill level 1 in Evocations
  3452 | D:4      | Learned a level 3 spell: Ignite Poison
  3519 | D:4      | Reached XP level 6. HP: 28/34 MP: 1/17
  3693 | D:4      | Noticed Sigmund
  3699 | D:4      | Killed Sigmund
  3746 | D:4      | Reached skill level 7 in Spellcasting
  3746 | D:4      | Reached skill level 1 in Transmutations
  3746 | D:4      | Reached skill level 1 in Fire Magic
  3746 | D:4      | Reached XP level 7. HP: 38/38 MP: 4/19
  4087 | D:4      | Found a blossoming altar of Fedhas.
  4087 | D:4      | Noticed Menkaure
  4096 | D:4      | Killed Menkaure
  4097 | D:4      | Reached skill level 5 in Conjurations
  4262 | D:4      | Found a runed translucent door.
  4262 | D:4      | Noticed redkitty's ghost (amateur DrIE)
  4515 | D:4      | Reached skill level 8 in Spellcasting
  4697 | D:4      | Killed redkitty's ghost
  4698 | D:4      | Reached XP level 8. HP: 24/44 MP: 15/22
  4816 | D:5      | Entered Level 5 of the Dungeon
  5064 | D:5      | Reached skill level 9 in Spellcasting
  5399 | D:5      | Found a staircase to the Ecumenical Temple.
  5409 | Temple   | Entered the Ecumenical Temple
  5423 | Temple   | Became a worshipper of Vehumet
  6281 | D:6      | Reached skill level 10 in Spellcasting
  6823 | D:6      | Learned a level 3 spell: Swiftness
  7143 | D:6      | Reached XP level 9. HP: 42/48 MP: 11/25
  7413 | D:7      | Reached * piety under Vehumet
  7413 | D:7      | Offered knowledge of Shock by Vehumet.
  7578 | D:7      | Reached skill level 11 in Spellcasting
  7578 | D:7      | Reached skill level 5 in Fire Magic
  7740 | D:7      | Found a sacrificial altar of Ru.
  7797 | D:7      | Noticed Prince Ribbit
  7816 | D:7      | Killed Prince Ribbit
  7987 | D:7      | Noticed Pikel
  7996 | D:7      | Killed Pikel
  7997 | D:7      | Reached skill level 12 in Spellcasting
  8050 | D:7      | Offered knowledge of Searing Ray by Vehumet.
  8058 | D:7      | Reached ** piety under Vehumet
  8059 | D:7      | Reached XP level 10. HP: 54/54 MP: 19/28
  8246 | D:7      | You fall into a shaft and drop 3 floors!
  8246 | D:10     | Entered Level 10 of the Dungeon
  8759 | D:8      | Reached skill level 13 in Spellcasting
  8759 | D:8      | Noticed Psyche
  8779 | Abyss:1  | Cast into level 1 of the Abyss (Psyche)
  8784 | Abyss:1  | Learned a level 2 spell: Ensorcelled Hibernation
  9013 | Abyss:1  | Noticed a worldbinder
  9045 | Abyss:1  | Reached skill level 1 in Hexes
  9062 | Abyss:1  | Noticed a worldbinder
  9073 | Abyss:1  | Noticed a wretched star
  9074 | Abyss:1  | Reached skill level 1 in Ice Magic
  9078 | Abyss:1  | Noticed a bog body
  9078 | Abyss:1  | Noticed a goliath frog
  9086 | Abyss:1  | Noticed a large abomination
  9092 | Abyss:1  | Noticed a bog body
  9128 | Abyss:1  | Found a corrupted altar of Lugonu.
  9129 | Abyss:1  | Noticed a cyan very ugly thing
  9132 | Abyss:1  | Gained mutation: You occasionally lose the ability to read
                  | scrolls when taking damage. [a neqoxec]
  9267 | Abyss:1  | Noticed a great orb of eyes
  9267 | Abyss:1  | Paralysed by a great orb of eyes for 4 turns
  9273 | Abyss:1  | Noticed a great orb of eyes
  9279 | Abyss:1  | Paralysed by a great orb of eyes for 2 turns
  9287 | Abyss:1  | Slain by a great orb of eyes

Illustrated notes

Levels and vault maps discovered:
D:1:      dpeg_arrival_pond, layout_basic
D:2:      layout_rooms, serial_corexii_hall, corexii_hall_statues_t,
          corexii_hall_statues_s, st_stairs_3, uniq_crazy_yiuf_cottage
D:3:      layout_basic
D:4:      minmay_clustersquares, layout_cave_pools, old_standard_altar,
          ebering_ghost_inner_flame, uniq_sigmund, uniq_menkaure
D:5:      layout_basic, minmay_temple_entry_proselytizer, grunt_ministairs_4
D:6:      layout_gridville
D:7:      cheibrodos_barr_body, layout_gridville,
          mainiacjoe_overflow_surrounded_room, abandoned_shop, uniq_pikel,
          uniq_prince_ribbit1
D:8:      layout_loops_ring, uniq_psyche, uniq_joseph, uniq_erica
D:9:      layout_loops_ring
D:10:     layout_loops_cross, orc_0_dummy, minivault_24
Temple:   nicolae_temple_slightly_damp_pantheon
Abyss:1:  base: D:10, minivault_19, evilmike_abyss_exit_chaos, minivault_19,
          gammafunk_corrupted_shrine

Skill      XL: |  1  2  3  4  5  6  7  8  9 10 |
---------------+-------------------------------+-----
Spellcasting   | 5 6 7 8 10 12 13 | 13.2
Fighting       | 1 2 3 |  3.3
Armour         | 1 2 4 |  4.0
Conjurations   | 2 4 5 6 7 8 |  8.3
Stealth        | 3 |  3.0
Dodging        | 3 |  3.0
Air Magic      | 1 |  1.0
Poison Magic   | 1 |  1.1
Evocations     | 1 |  1.1
Transmutations | 1 |  1.2
Fire Magic     | 1 2 4 6 |  6.8
Hexes          | 1 |  1.0
Ice Magic      | 1 |  1.0
Summonings     | |  1.1
Translocations | |  1.1

Action                     |  1- 3 |  4- 6 |  7- 9 | 10-12 || total
---------------------------+-------+-------+-------+-------++-------
  Melee: Battleaxe         |     3 |    38 |   117 |    47 ||   205
   Cast: Magic Dart        |   105 |    38 |   143 |     9 ||   295
         Call Imp          |     1 |     3 |     3 |     1 ||     8
         Mephitic Cloud    |       |     8 |    51 |    16 ||    75
         Ignite Poison     |       |     2 |    17 |     9 ||    28
         Blink             |       |     1 |     1 |     1 ||     3
    Use: Scroll            |       |       |       |     2 ||     2
         Potion            |       |       |       |     2 ||     2
   Stab: Confused          |       |     9 |    20 |     7 ||    36
         Sleeping          |       |     2 |       |       ||     2
 Armour: Robe              |     3 |     4 |    32 |     6 ||    45
  Dodge: Dodged            |    14 |    20 |   111 |    37 ||   182

Table legend: (Time is in decaauts)
 A = Elapsed time spent in this place.
 B = Non-inter-level travel time spent in this place.
 C = Inter-level travel time spent in this place.
 D = Time resting spent in this place.
 E = Time spent auto-exploring this place.
 F = Levels seen in this place.
 G = Mean time per level.
                   A        B        C        D        E       F      G
               +--------+--------+--------+--------+--------+-----+--------+
         Total |   9284 |   9034 |    250 |    473 |   6805 |  12 |  773.7 |
       Dungeon |   8745 |   8521 |    224 |    426 |   6805 |  10 |  874.5 |
        Temple |     31 |      5 |     26 |      0 |      0 |   1 |   31.0 |
         Abyss |    507 |    507 |      0 |     47 |      0 |   1 |  507.0 |
               +--------+--------+--------+--------+--------+-----+--------+

Top non-repeatable levels by time:
     D:1: 1381 daAuts
     D:4: 1375 daAuts
     D:5: 1240 daAuts
     D:6: 1201 daAuts
     D:2: 1088 daAuts
     D:3: 968 daAuts
     D:7: 957 daAuts
 Abyss:1: 507 daAuts
    D:10: 481 daAuts
  Temple: 31 daAuts
     D:8: 29 daAuts
     D:9: 20 daAuts
